 Dungeon Crawl Stone Soup version 0.29.1-1-gd02db6906a (webtiles) character file.

Game seed: 18105259954768721149

781 jimonade the Skirmisher (level 8, 0/56 HPs)
             Began as a Formicid Hunter on Sept 18, 2022.
             Was an Initiate of Hepliaklqana.
             Hit by a boomerang thrown by an orc (1 damage)
             ... on level 6 of the Dungeon.
             The game lasted 00:09:01 (5369 turns).

jimonade the Skirmisher (Formicid Hunter)           Turns: 5369, Time: 00:09:01

Health: 0/56       AC:  4    Str: 16    XL:     8   Next: 11%
Magic:  8/8        EV: 12    Int:  9    God:    Hepliaklqana [......]
Gold:   227        SH:  0    Dex: 19    Spells: 7/7 levels left

rFire   . . .      SeeInvis +   b - +2 spear (venom)
rCold   . . .      Faith    .   (no shield)
rNeg    . . .      Spirit   .   c - +0 leather armour
rPois   .          Reflect  .   (helmet unavailable)
rElec   .          Harm     .   (no cloak)
rCorr   .          Rampage  .   (no gloves)
Will    .....                   w - +0 pair of boots
Stlth   ++........              (no amulet)
HPRegen 0.18/turn               (no ring)
MPRegen 0.11/turn               (no ring)

@: no status effects
A: permanent stasis, dig shafts and tunnels, antennae 3, four strong arms
a: Dig, Shaft Self, Renounce Religion


You were on level 6 of the Dungeon.
You worshipped Hepliaklqana.
Hepliaklqana was noncommittal.
You visited 1 branch of the dungeon, and saw 6 of its levels.

You collected 227 gold pieces.

Inventory:

Hand Weapons
 a - a +1 vorpal shortbow
 b - a +2 spear of venom (weapon)
 g - a +0 dagger
 k - a +0 short sword
 B - a +0 shortbow
Missiles
 s - 2 throwing nets
 t - 8 poisoned darts
Armour
 c - a +0 leather armour (worn)
 j - a +0 ring mail
 w - a +0 pair of boots (worn)
Jewellery
 m - a ring of fire
Scrolls
 d - a scroll of identify
 e - 3 scrolls of magic mapping
 f - a scroll of noise {unknown}
 p - 3 scrolls of immolation
Potions
 i - 2 potions of might
 l - a potion of ambrosia {unknown}
 n - a potion of heal wounds {unknown}
 q - 2 potions of degeneration {unknown}
 r - a potion of brilliance {unknown}
 z - 2 potions of curing {unknown}
 A - a potion of cancellation {unknown}


   Skills:
 - Level 2.1 Fighting
 + Level 9.4 Ranged Weapons
 - Level 1.7 Dodging
 - Level 1.2 Stealth


You had 7 spell levels left.
You didn't know any spells.
Your spell library contained the following spells:

 Spells                   Type           Power      Damage    Failure   Level
 Sting                    Tmut/Pois      0%         1d3       45%         1
 Poisonous Vapours        Pois/Air       0%         N/A       58%         2
 Olgreb's Toxic Radiance  Pois           0%         N/A       99%         4


Dungeon Overview and Level Annotations

Branches:
Dungeon (6/15)
 Temple: D:4-7

Altars:
Dithmenos
Elyvilon
Fedhas
Hepliaklqana
Kikubaaqudgha
Makhleb
Qazlal
Ru
Vehumet
Wu Jian
Xom

Annotations:
D:5 3 runed translucent doors, TheBeaver's ghost, weakling DsDe


Innate Abilities, Weirdness & Mutations

You cannot be hasted, slowed, berserked, paralysed or teleported.
You can dig through walls and to a lower floor.
You have a pair of large antennae on your head. (SInv)
Your four strong arms can wield two-handed weapons with a shield.


Message History

The adder misses you.
The orc hits you from afar with a +0 trident.
The adder bites you.
You miss the adder.
The adder is lightly wounded.
The adder misses you. The orc misses you.
You miss the adder.
The adder is lightly wounded.
The adder bites you but does no damage.
The orc hits you from afar with a +0 trident!
* * * LOW HITPOINT WARNING * * *
The adder closely misses you.
You miss the adder.
The adder is lightly wounded.
The orc hits you from afar with a +0 trident.
* * * LOW HITPOINT WARNING * * *
The adder bites you but does no damage.
You hit the adder.
The adder is poisoned.
The adder is moderately wounded.
The adder bites you but does no damage. The orc barely misses you.
Reach: b) +2 spear (venom)
Press: ? - help, Dir - move target, f - orc, p - adder
Aim: an orc, wielding a +0 trident and wearing a +0 chain mail (about 28% to evade your +2 spear of venom)
The adder is in the way.
You closely miss the adder.
The adder is moderately wounded.
The adder barely misses you. The orc hits you but does no damage.
The adder bites you but does no damage.
You puncture the adder!
You kill the adder!
The orc hits you from afar with a +0 trident.
* * * LOW HITPOINT WARNING * * *
The orc throws a boomerang.
The boomerang hits you.
* * * LOW HITPOINT WARNING * * *
Reach: b) +2 spear (venom)
Press: ? - help, Dir - move target, f/p - orc
Aim: an orc, wielding a +0 trident and wearing a +0 chain mail (about 28% to evade your +2 spear of venom)
You reach to attack!
You hit the orc but do no damage.
The orc is poisoned.
The orc hits you but does no damage.
The orc throws a boomerang.
The boomerang hits you.
You die...

#.##.#.# #.##.#.# #
#.##.#.# ...
#....#.###..##
#..###........
#.............
#.#########... #.# #.
#@# ##.#
#######.#######...#.#
#....>.oo..oo........
#.###................
#.#<..#.#.####....#..
#.#.#.#.#.# ....#
#.###.#.#.# ....#
#.#.....#.# ###.#
#.#.#.###.# .#


You could see 2 orcs.

Vanquished Creatures
  An ice beast (D:5)
  A necrophage (D:5)
  A howler monkey (D:5)
  2 hounds (D:5)
  2 jellies
  3 orc priests
  2 iguanas
  2 orc wizards (D:5)
  8 gnolls
  8 adders
  A shadow imp (D:6)
  A worm (D:2)
  4 dart slugs
  25 orcs
  4 endoplasms
  3 giant cockroaches
  4 goblins
  5 hobgoblins
  8 jackals
  8 kobolds
  3 quokkas
  7 ball pythons
  5 bats
  3 frilled lizards
  2 rats (D:1)
113 creatures vanquished.

Notes
Turn   | Place    | Note
-------+----------+-------------------------------------------
     0 | D:1      | jimonade the Formicid Hunter began the quest for the Orb.
     0 | D:1      | Reached XP level 1. HP: 16/16 MP: 1/1
    62 | D:1      | Reached XP level 2. HP: 22/22 MP: 2/2
   891 | D:2      | Reached XP level 3. HP: 27/27 MP: 3/3
  1153 | D:2      | Reached skill level 5 in Ranged Weapons
  1359 | D:2      | Reached XP level 4. HP: 29/33 MP: 4/4
  1705 | D:2      | Reached XP level 5. HP: 26/38 MP: 5/5
  1825 | D:2      | Reached skill level 6 in Ranged Weapons
  3479 | D:4      | Reached XP level 6. HP: 44/44 MP: 6/6
  3519 | D:4      | Reached skill level 7 in Ranged Weapons
  4474 | D:5      | Entered Level 5 of the Dungeon
  4613 | D:5      | Reached XP level 7. HP: 50/50 MP: 7/7
  4622 | D:5      | Found a runed translucent gate.
  4622 | D:5      | Found a runed translucent gate.
  4622 | D:5      | Found a runed translucent gate.
  4628 | D:5      | Reached skill level 8 in Ranged Weapons
  4730 | D:5      | Found an ancient bone altar of Kikubaaqudgha.
  4730 | D:5      | Found a white marble altar of Elyvilon.
  4730 | D:5      | Found a blossoming altar of Fedhas.
  4886 | D:5      | Noticed TheBeaver's ghost (weakling DsDe)
  4909 | D:5      | Reached skill level 9 in Ranged Weapons
  5122 | D:5      | Reached XP level 8. HP: 56/56 MP: 8/8
  5124 | D:5      | Found a sacrificial altar of Ru.
  5124 | D:5      | Found a radiant altar of Vehumet.
  5124 | D:5      | Found an ornate altar of the Wu Jian Council.
  5128 | D:5      | Found a shimmering altar of Xom.
  5129 | D:5      | Found a shadowy altar of Dithmenos.
  5131 | D:5      | Found a burning altar of Makhleb.
  5131 | D:5      | Found a stormy altar of Qazlal.
  5132 | D:5      | Found a hazy altar of Hepliaklqana.
  5138 | D:5      | Became a worshipper of Hepliaklqana the Forgotten
  5368 | D:6      | HP: 1/56 [orc/boomerang (4)]
  5369 | D:6      | Hit by a boomerang thrown by an orc

Illustrated notes

Levels and vault maps discovered:
D:1:      wheals_arrival_shading, layout_basic
D:2:      layout_basic
D:3:      layout_loops_ring
D:4:      layout_basic, wad_orctagon
D:5:      layout_cave_pools, nicolae_overflow_hallway_of_the_gods,
          gammafunk_ghost_icy
D:6:      layout_basic, temple_statues, serial_shops, nicolae_shop_hallway_plus

Skill      XL: |  1  2  3  4  5  6  7 |
---------------+----------------------+-----
Ranged Weapons | 5 6 7 9 |  9.4
Fighting       | |  2.1
Dodging        | |  1.7
Stealth        | |  1.2

Action                   |  1- 3 |  4- 6 |  7- 9 || total
-------------------------+-------+-------+-------++-------
Melee: Spear             |    13 |    78 |    11 ||   102
       Punch             |       |     1 |       ||     1
 Fire: Shortbow          |    67 |   128 |    58 ||   253
 Abil: Dig               |     3 |       |       ||     3
  Use: Scroll            |       |     9 |       ||     9
 Stab: Distracted        |       |     1 |       ||     1
Armor: Leather armour    |     7 |    24 |    11 ||    42
Dodge: Dodged            |    21 |    85 |    19 ||   125
